 Dungeon Crawl Stone Soup version 0.19-a0-1025-g778f431 (webtiles) character file.

35 mrath the Digger (level 3, -4/19 HPs)
             Began as a Gargoyle Earth Elementalist on July 28, 2016.
             Slain by a gnoll
             ... wielding a +0 spear
              (7 damage)
             ... on level 1 of the Dungeon.
             The game lasted 00:05:52 (1416 turns).

mrath the Digger (Gargoyle Earth Elementalist)      Turns: 1416, Time: 00:05:52

Health: -4/19      AC:  5    Str: 11    XL:     3   Next: 35%
Magic:  3/7        EV: 12    Int: 16    God:
Gold:   17         SH:  0    Dex: 10    Spells: 1 memorised, 7 levels left

rFire  . . .     SeeInvis .     h - +0 club (curse)
rCold  . . .     Gourm    .     c - +0 robe
rNeg   + . .     Faith    .     (no shield)
rPois  ∞         Spirit   .     (no helmet)
rElec  +         Dismiss  .     (no cloak)
rCorr  .         Reflect  .     (no gloves)
SustAt .         Harm     .     (no boots)
MR     .....                    (no amulet)
Stlth  ++........               (no ring)
                                (no ring)

@: not resistant to hostile enchantments, unstealthy
A: negative energy resistance 1, electricity resistance, unbreathing,
petrification resistance, rot immunity, AC +3
a: no special abilities


You were on level 1 of the Dungeon.
You were not hungry.

You visited 1 branch of the dungeon, and saw 1 of its levels.

You collected 17 gold pieces.

Inventory:

Hand Weapons
 h - a cursed +0 club (weapon)
 n - a +0 whip
Missiles
 b - 23 stones (quivered)
Armour
 c - a +0 robe (worn)
Scrolls
 a - a scroll of blinking {unknown}
 g - a scroll of teleportation {unknown}
 j - a scroll of recharging {unknown}
 m - a scroll of remove curse {unknown}
 o - a scroll of magic mapping {unknown}
Potions
 f - 2 potions of curing {unknown}
 l - a potion of might {unknown}
Books
 e - a book of Geomancy

   Spells                             Type                      Level
   a - Sandblast                      Earth                        1
   b - Passwall                       Transmutation/Earth          2
   c - Stone Arrow                    Conjuration/Earth            3
   d - Petrify                        Transmutation/Earth          4
   e - Lee's Rapid Deconstruction     Earth                        5
Comestibles
 d - a bread ration
 i - a fruit
 k - a meat ration


   Skills:
 - Level 1.5 Dodging
 - Level 2.1 Stealth
 * Level 3.1 Spellcasting
   Level 0.7 Transmutations
 + Level 4.1 Earth Magic


You had 7 spell levels left.
You knew the following spells:

 Your Spells              Type           Power        Failure   Level  Hunger
a - Sandblast             Erth           ###...       4%          1    None


Dungeon Overview and Level Annotations

Branches:
Dungeon (1/15)

Altars:


Innate Abilities, Weirdness & Mutations

You are resistant to torment.
Your stone body is resilient. (AC +3)
You are immune to poison.
You resist negative energy. (rN+)
You are resistant to electric shocks. (rElec)
You can survive without breathing.
You are immune to petrification.
You are immune to rotting.


Message History

The blast of sand hits the goblin.
You kill the goblin!
The gnoll misses you.
Casting: Sandblast
Confirm with . or Enter, or press ? or * to list all spells.
Aiming: Sandblast
Press: ? - help, Shift-Dir - straight line, f - gnoll
Aim: a gnoll, wielding a spear The blast of sand misses the gnoll.
The gnoll hits you from afar with a spear!
* * * LOW HITPOINT WARNING * * *
Casting: Sandblast
Confirm with . or Enter, or press ? or * to list all spells.
Aiming: Sandblast
Press: ? - help, Shift-Dir - straight line, f/p - gnoll
Aim: a gnoll, wielding a spear The blast of sand hits the gnoll.
The gnoll is heavily wounded.
The gnoll hits you from afar with a spear!
You die...

.........# #.............#
.)...###.# #.###g........#
.....>.#.###.# #.........#
.......)..##.# #.........#
##.###.......# #.........#
#.# #....#### #####.#.###
#.###.#.## ##.#.# #..##.#.#
######....#### ##.##.#.#
#..@)gg......# #.##...#
#.####....##.# ###.###..#
##.## ##.#.##.#
.##.###..####...###..#.##.#
.......................##.#
###.###..##.#....##.#####.#
#.###..##.##.#.##.# #.#
###.........##.#.##.#####.#
.........#####............#


You could see a gnoll and a goblin.

Vanquished Creatures
  2 dart slugs (D:1)
  2 bats (D:1)
  4 giant cockroaches (D:1)
  4 goblins (D:1)
  4 hobgoblins (D:1)
  5 jackals (D:1)
  2 giant newts (D:1)
  2 kobolds (D:1)
  2 rats (D:1)
27 creatures vanquished.

Notes
Turn   | Place    | Note
-------+----------+-------------------------------------------
     0 | D:1      | mrath the Gargoyle Earth Elementalist began the quest for the Orb.
     0 | D:1      | Reached XP level 1. HP: 10/10 MP: 3/3
   423 | D:1      | Reached XP level 2. HP: 15/15 MP: 2/5
   995 | D:1      | Reached skill level 4 in Earth Magic
  1019 | D:1      | Reached XP level 3. HP: 19/19 MP: 5/7
  1416 | D:1      | Slain by a gnoll

Vault maps used:
D:1:      minmay_arrival_jagged

Skill      XL: |  1  2  3 |
---------------+----------+-----
Earth Magic    | 4 |  4.1
Spellcasting   | 3 |  3.1
Dodging        | |  1.5
Stealth        | |  2.1
Transmutations | |  0.7

Action                   || total
-------------------------++-------
Melee: Unarmed           ||    14
       Club              ||    25
 Cast: Sandblast         ||    48
 Stab: Distracted        ||     1
  Eat: Chunk             ||     2
Armor: Robe              ||    30
Dodge: Dodged            ||    57
